 Dungeon Crawl Stone Soup version 0.26-a0-808-g930a2b7adc (console) character file.

Game seed: 18365348755011787518

1810 Ignak the Ogre Mage (level 9, -2/92 HPs)
             Began as an Ogre Hedge Wizard on Nov 12, 2020.
             Was a Believer of Okawaru.
             Slain by a wight
             ... wielding a cursed -1 long sword
              (6 damage)
             ... on level 6 of the Dungeon.
             The game lasted 00:25:09 (9323 turns).

Ignak the Ogre Mage (Ogre Hedge Wizard)             Turns: 9323, Time: 00:25:10

Health: -2/92      AC:  5    Str: 19    XL:     9   Next: 10%
Magic:  0/18       EV: 15    Int: 15    God:    Okawaru [**....]
Gold:   323        SH:  0    Dex:  8    Spells: 13/21 levels left

rFire    . . .     SeeInvis .   C - +4 quarterstaff (chaos)
rCold    . . .     Faith    .   (shield currently unavailable)
rNeg     . . .     Spirit   .   A - +2 robe
rPois    .         Reflect  .   c - +0 hat
rElec    .         Harm     .   (no cloak)
rCorr    +         Rampage  .   (gloves unavailable)
MR       .....                  (boots unavailable)
Stlth    +.........             (no amulet)
HPRegen  0.25/turn              s - +4 ring of evasion
MPRegen  0.16/turn              t - ring of resist corrosion

@: attractive, lightly drained
A: large, unfitting armour, tough skin 1
a: Heroism, Renounce Religion


You were on level 6 of the Dungeon.
You worshipped Okawaru.
Okawaru was pleased with you.
You visited 1 branch of the dungeon, and saw 8 of its levels.

You collected 323 gold pieces.

Inventory:

Hand Weapons
 d - a +2 mace of protection
 h - a +2 hand axe of electrocution
 q - a +0 giant club
 z - a +0 whip of freezing
 C - a +4 quarterstaff of chaos (weapon)
Missiles
 f - 28 poisoned darts (quivered)
Armour
 c - a +0 hat (worn)
 A - a +2 robe (worn)
Jewellery
 s - a +4 ring of evasion (left hand)
 t - a ring of resist corrosion (right hand)
Wands
 p - a wand of random effects (31)
Scrolls
 a - 3 scrolls of fear {unknown}
 b - a scroll of random uselessness {unknown}
 j - 5 scrolls of magic mapping {unknown}
 n - a scroll of fog {unknown}
 o - 2 scrolls of immolation {unknown}
 u - 4 scrolls of remove curse {unknown}
 v - 5 scrolls of identify
 y - a scroll of enchant weapon {unknown}
 D - a scroll of amnesia {unknown}
Potions
 e - a potion of haste {unknown}
 g - 3 potions of attraction
 i - 3 potions of brilliance {unknown}
 k - 3 potions of flight {unknown}
 l - 2 potions of degeneration {unknown}
 m - a potion of might {unknown}
 r - 3 potions of curing
 w - a potion of cancellation {unknown}


   Skills:
 + Level 6.4(6.1) Fighting
 + Level 4.3(4.0) Maces & Flails
 + Level 4.9(4.6) Dodging
 - Level 1.4(1.1) Stealth
 - Level 1.0(0.7) Unarmed Combat
 + Level 6.6(6.3) Spellcasting
 + Level 4.6(4.3) Conjurations
 - Level 1.0(0.7) Summonings
 - Level 1.0(0.7) Translocations


You had 13 spell levels left.
You knew the following spells:

 Your Spells              Type           Power        Failure   Level
a - Magic Dart            Conj           ###.         2%          1
b - Blink                 Tloc           N/A          16%         2
d - Mephitic Cloud        Conj/Pois/Air  #.......     24%         3
e - Call Imp              Summ           #.......     16%         2

Your spell library contained the following spells:

 Spells                   Type           Power        Failure   Level
 Conjure Flame            Conj/Fire      ##......     19%         3
 Slow                     Hex            #.......     22%         2


Dungeon Overview and Level Annotations

Branches:
Dungeon (8/15)             Temple (0/1) D:7
   Lair: D:8-11

Altars:
Kikubaaqudgha
Okawaru
Ru

Annotations:
D:4 3 runed translucent doors, triki's ghost, amateur GnEn


Innate Abilities, Weirdness & Mutations

You are too large for most types of armour.
You have tough skin. (AC +1)


Message History

The wight hits you with a cursed -1 long sword.
* * * LOW HITPOINT WARNING * * *
Casting: Mephitic Cloud (dangerous; 22% risk of failure)
Confirm with . or Enter, or press ? or * to list all spells.
You don't know that spell.
The wight is pulled toward you! The wight barely misses you.
Casting: Mephitic Cloud (dangerous; 22% risk of failure)
Confirm with . or Enter, or press ? or * to list all spells.
You blink.
The wight is pulled toward you! x3
The wight completely misses you.
The wight is pulled toward you! x3; The wight completely misses you.
The wight barely misses you.
The wight is pulled toward you! x4; The wight misses you.
The wight hits you with a cursed +0 halberd.
* * * LOW HITPOINT WARNING * * *
You feel drained.
* * * LOW HITPOINT WARNING * * *
The wight is pulled toward you! x4
The wight hits you with a cursed -1 long sword.
You die...

############ #..........#
#$.........# #..........#
#..........#
#######..........##########
##.....#.......z.........(.#
#..............zz.########.#
...............z@.# #.##
...?......$.......# #..#
..................#########.#
.....>...#.######...........#
.........#.# #...........#
.........#.######.......(...###
..[......#...h..O...........z..
............#####...........#
.........#### ###...........#


You could see 4 wights.

Vanquished Creatures
  Pikel (D:5)
  Maggie (D:6)
  An ice beast (D:6)
  A black bear (D:6)
  2 ogres
  A centaur (D:6)
  4 lemures (D:5)
  5 orc wizards
  Crazy Yiuf (D:4)
  An orc priest (D:5)
  A worker ant (D:6)
  2 adders
  A white imp (D:6)
  An ufetubus (D:6)
  An ooze (D:3)
  4 worms
  5 dart slugs
  4 leopard geckos
  14 orcs
  A giant cockroach (D:7)
  4 goblins
  6 hobgoblins
  A quokka (D:7)
  A ball python (D:1)
  9 bats
  5 frilled lizards
  4 kobolds
  A leopard gecko zombie (D:5)
  9 rats
92 creatures vanquished.

Vanquished Creatures (collateral kills)
  Joseph (D:7)
  An ogre (D:5)
  A centaur (D:5)
  2 hounds (D:6)
  An orc wizard (D:4)
  A worker ant (D:7)
  A hound skeleton (D:5)
  An adder (D:3)
  2 ufetubi
  An adder skeleton (D:4)
  6 orcs
  A giant cockroach (D:4)
  3 hobgoblins (D:1)
  A kobold (D:1)
  A quokka skeleton (D:5)
24 creatures vanquished.

Vanquished Creatures (others)
  A human (D:3)
  An adder (D:7)
  3 fungi (D:4)
  2 plants (D:4)
7 creatures vanquished.

Grand Total: 123 creatures vanquished

Notes
Turn   | Place    | Note
-------+----------+-------------------------------------------
     0 | D:1      | Ignak the Ogre Hedge Wizard began the quest for the Orb.
     0 | D:1      | Reached XP level 1. HP: 16/16 MP: 5/5
    22 | D:1      | Reached skill level 1 in Conjurations
   189 | D:1      | Reached XP level 2. HP: 12/26 MP: 6/6
   194 | D:1      | Learned a level 2 spell: Blink
   197 | D:1      | Learned a level 2 spell: Call Imp
   611 | D:1      | Reached skill level 1 in Fighting
  1014 | D:1      | Reached skill level 1 in Translocations
  1014 | D:1      | Reached XP level 3. HP: 27/33 MP: 8/8
  1019 | D:1      | Learned a level 3 spell: Mephitic Cloud
  1244 | D:1      | Reached skill level 1 in Summonings
  2342 | D:2      | Reached skill level 1 in Unarmed Combat
  2471 | D:2      | Noticed an ogre
  2483 | D:2      | Killed an ogre
  2483 | D:2      | Reached skill level 1 in Maces & Flails
  2483 | D:2      | Reached XP level 4. HP: 30/42 MP: 5/10
  2483 | D:2      | Reached XP level 5. HP: 36/49 MP: 5/11
  3047 | D:3      | You fall into a shaft and drop 3 floors!
  3048 | D:6      | Noticed a centaur
  3056 | D:6      | Noticed an ice beast
  3059 | D:6      | Killed a centaur
  3072 | D:6      | Killed an ice beast
  3072 | D:6      | Reached XP level 6. HP: 22/61 MP: 1/12
  3143 | D:6      | Noticed a phantom
  3147 | D:6      | Noticed a black bear
  3462 | D:5      | Entered Level 5 of the Dungeon
  3720 | D:5      | Found a sacrificial altar of Ru.
  3764 | D:5      | HP: 1/61 [centaur (5)]
  4115 | D:5      | Reached XP level 7. HP: 68/68 MP: 11/14
  4168 | D:5      | Found an iron altar of Okawaru.
  4320 | D:5      | Became a worshipper of Warmaster Okawaru
  4422 | D:5      | You fall into a shaft and drop 3 floors!
  4446 | D:8      | Noticed a vampire
  4817 | D:7      | Found a staircase to the Ecumenical Temple.
  4971 | D:7      | Noticed Joseph
  4991 | D:7      | Killed Joseph
  4991 | D:7      | Reached skill level 5 in Spellcasting
  5377 | D:4      | Reached * piety under Okawaru
  6313 | D:4      | Noticed Pikel
  6328 | D:4      | HP: 3/71 [Pikel/iceblast (17)]
  7378 | D:5      | Killed Pikel
  7378 | D:5      | Reached ** piety under Okawaru
  7378 | D:5      | Reached skill level 5 in Fighting
  7378 | D:5      | Reached XP level 8. HP: 43/81 MP: 3/17
  7858 | D:3      | Found an ancient bone altar of Kikubaaqudgha.
  8575 | D:4      | Found a runed translucent door.
  8576 | D:4      | Noticed Crazy Yiuf
  8609 | D:4      | Killed Crazy Yiuf
  8859 | D:4      | Found a runed translucent gate.
  8859 | D:4      | Found a runed translucent gate.
  8859 | D:4      | Found a runed translucent gate.
  8859 | D:4      | Noticed triki's ghost (amateur GnEn)
  9262 | D:6      | Noticed Maggie
  9286 | D:6      | Killed Maggie
  9286 | D:6      | Reached XP level 9. HP: 18/91 MP: 6/18
  9322 | D:6      | HP: 4/92 [wight/cursed +0 halberd (2)]
  9323 | D:6      | Slain by a wight

Illustrated notes

Levels and vault maps discovered:
D:1:      dpeg_arrival_tiny_f, layout_basic
D:2:      layout_loops_cross
D:3:      layout_loops_corners, minmay_misc_feat_alley, tgw_kikubaaqudgha
D:4:      layout_loops_ring, gammafunk_ghost_nasty_kobolds,
          uniq_crazy_yiuf_cottage, uniq_pikel
D:5:      layout_basic, nicolae_ru_sacrificial_ziggurat,
          okawaru_ov_weapons_minmay
D:6:      layout_rooms, uniq_maggie
D:7:      minmay_chambers_of_sevens, layout_loops_ring, minitemple,
          minmay_temple_entry_antechambers, lemuel_flame_loot_1, uniq_joseph
D:8:      layout_gridville, basic_altar, minmay_shop_chei,
          kennysheep_small_spiral

Skill      XL: |  1  2  3  4  5  6  7  8 |
---------------+-------------------------+-----
Conjurations   | 1 2 4 |  4.6
Dodging        | 2 3 4 |  4.9
Fighting       | 1 2 3 5 6 |  6.4
Translocations | 1 |  1.0
Summonings     | 1 |  1.0
Unarmed Combat | 1 |  1.0
Maces & Flails | 1 2 3 4 |  4.3
Spellcasting   | 4 6 |  6.6
Stealth        | |  1.4

Action                   |  1- 3 |  4- 6 |  7- 9 || total
-------------------------+-------+-------+-------++-------
Melee: Spear             |    50 |       |       ||    50
       Mace              |    75 |    61 |   219 ||   355
       Punch             |       |       |     2 ||     2
       Quarterstaff      |       |       |    23 ||    23
Throw: Boomerang         |     1 |       |       ||     1
       Dart              |       |       |     1 ||     1
 Cast: Call Imp          |    10 |    18 |    29 ||    57
       Mephitic Cloud    |     1 |     4 |    12 ||    17
       Blink             |       |     8 |    10 ||    18
Evoke: Wand              |       |     4 |     8 ||    12
  Use: Scroll            |       |     5 |     3 ||     8
       Potion            |       |       |     2 ||     2
 Stab: Sleeping          |     4 |     3 |     2 ||     9
       Confused          |       |       |     3 ||     3
Armor: Robe              |    44 |    20 |    84 ||   148
Dodge: Dodged            |    74 |    70 |   219 ||   363

Table legend: (Time is in decaauts)
 A = Elapsed time spent in this place.
 B = Non-inter-level travel time spent in this place.
 C = Inter-level travel time spent in this place.
 D = Time resting spent in this place.
 E = Time spent auto-exploring this place.
 F = Levels seen in this place.
 G = Mean time per level.
                   A        B        C        D        E       F      G
               +--------+--------+--------+--------+--------+-----+--------+
         Total |   9448 |   9337 |    111 |   3693 |   3330 |   8 | 1181.0 |
       Dungeon |   9448 |   9337 |    111 |   3693 |   3330 |   8 | 1181.0 |
               +--------+--------+--------+--------+--------+-----+--------+

Top non-repeatable levels by time:
     D:5: 3226 daAuts
     D:1: 1633 daAuts
     D:3: 1167 daAuts
     D:2: 1082 daAuts
     D:4: 981 daAuts
     D:6: 660 daAuts
     D:7: 655 daAuts
     D:8: 40 daAuts
